 Dungeon Crawl Stone Soup version 0.29-a0-360-g8ed1089bbe (webtiles) character file.

Game seed: 11119408079276133444

817 zeratav the Archer (level 7, -1/40 HPs)
             Began as a Tengu Hunter on Apr 28, 2022.
             Was an Initiate of Gozag.
             Slain by a black bear (10 damage)
             ... on level 5 of the Dungeon.
             The game lasted 00:10:59 (5040 turns).

zeratav the Archer (Tengu Hunter)                   Turns: 5040, Time: 00:10:59

Health: -1/40      AC:  3    Str: 12    XL:     7   Next: 94%
Magic:  8/8        EV: 14    Int:  9    God:    Gozag
Gold:   291        SH:  0    Dex: 19    Spells: 6/6 levels left

rFire   . . .      SeeInvis .   a - +1 shortbow {bow}
rCold   . . .      Faith    .   (shield currently unavailable)
rNeg    . . .      Spirit   .   b - +0 leather armour
rPois   .          Reflect  .   (helmet restricted)
rElec   .          Harm     .   q - scarf {repulsion}
rCorr   .          Rampage  .   (no gloves)
Will    .....                   (boots unavailable)
Stlth   ++........              (no amulet)
HPRegen 0.13/turn               (no ring)
MPRegen 0.11/turn               (no ring)

@: flying quickly and evasively, repel missiles, quick
A: beak, talons 3, nimble flight
a: Renounce Religion, Potion Petition, Call Merchant, Bribe Branch


You were on level 5 of the Dungeon.
You worshipped Gozag.
Gozag was aware of your devotion.
You visited 2 branches of the dungeon, and saw 6 of its levels.

You collected 350 gold pieces.
You paid 59 gold pieces to Gozag.


Innate Abilities, Weirdness & Mutations

You have a beak for a mouth.
You have claws for feet.
Your magical nature lets you fly swiftly and evasively.


   Skills:
 - Level 2.0 Fighting
 + Level 10.4 Bows
 - Level 2.1 Dodging
 - Level 1.0 Stealth


You had 6 spell levels left.
You didn't know any spells.
Your spell library contained the following spells:

 Spells                   Type           Power      Damage    Failure   Level
 Foxfire                  Conj/Fire      0%         2x1d4     45%         1
 Conjure Flame            Conj/Fire      0%         6-21      83%         3
 Gell's Gravitas          Tloc           0%         N/A       83%         3
 Inner Flame              Hex/Fire       0%         N/A       83%         3
 Lesser Beckoning         Tloc           0%         N/A       83%         3
 Teleport Other           Tloc           0%         N/A       83%         3
 Flame Wave               Conj/Fire      0%         2d4       99%         4

Inventory:

Hand Weapons
 a - a +1 shortbow (weapon) {bow}
 s - a +2 whip of venom {mace}
   (You found it on level 3 of the Dungeon)
Missiles
 p - 5 curare-tipped darts {=fthrowing}
Armour
 b - a +0 leather armour (worn)
 l - the +2 leather armour of Cualuics {rPois rF- Int+2}
   (You took it off a kobold on level 3 of the Dungeon)

   Int:       It affects your intelligence (+2).
   rF:        It makes you vulnerable to fire.
   rPois:     It protects you from poison.
 q - a scarf of repulsion (worn)
   (You found it on level 3 of the Dungeon)
Jewellery
 g - a ring of magical power
   (You found it on level 3 of the Dungeon)
 v - an amulet of faith {!P}
   (You found it on level 4 of the Dungeon)
Scrolls
 c - a scroll of immolation {!r!r}
 h - 2 scrolls of fog {unknown}
 i - 4 scrolls of identify {unknown}
 j - a scroll of amnesia {unknown}
 k - 2 scrolls of noise {unknown}
 o - 2 scrolls of fear {unknown}
 B - a scroll of silence {unknown}
 C - a scroll of teleportation {unknown}
Potions
 d - 2 potions of heal wounds {unknown}
 e - a potion of attraction {unknown}
 f - 6 potions of curing {unknown}
 n - 2 potions of ambrosia {unknown}
 z - a potion of mutation {unknown}

Dungeon Overview and Level Annotations

Branches:
Dungeon (5/15)             Temple (1/1) D:4

Altars:
Ashenzari
Cheibriados
Dithmenos
Elyvilon
Fedhas
Gozag
Hepliaklqana
Kikubaaqudgha
Makhleb
Nemelex Xobeh
Okawaru
Qazlal
Ru
Sif Muna
Vehumet
Wu Jian
Zin
The Shining One

##...........#...#####. #.
...............#..#...##.
.$.............#.#...##.....##
..............##....##.......###
...##....#..##........._.....##
.. ####.##........#.......#...
##.#.........#.##.....##...
.......#.....h....##...##....
......##....@##....##.##.....
.......#....###..........#
..........#>.........>...#
..........#.......#.....###.
#.........#......##....##...
#..##...##.......##......... .
#..............#.........
..........#.....#.......##
....#.....##.........####


You could see a black bear (berserk).


Message History

You drop a +0 robe.
You drop a +0 chain mail.
You fly downwards.
The orc priest looks braver for a moment.
There is a stone staircase leading up here.
You shoot an arrow. The arrow hits the orc priest.
The orc priest misses you.
The orc priest hits you with a +0 hand axe.
You fly upwards.
There is a stone staircase leading down here.
Items here: [[[[[[[[.
HP[-3]
You take 3 damage, and now have 37/40 hp.
You shoot an arrow. The arrow hits the orc priest!
You kill the orc priest!
HP[+1] No target in view!
No target in view!
You now have 291 gold pieces (gained 6).
You see here a +0 hand axe {axe}.
There is a stone staircase leading down here.
Items here: [[[[[[[[.
HP[+1] HP[+1]
Your hp is fully restored (40).
You fly downwards.
The black bear closely misses you.
The black bear claws you but does no damage.
The black bear completely misses you.
There is a stone staircase leading up, spattered with blood here.
You shoot an arrow. The arrow hits the black bear.
The black bear closely misses you. The black bear claws you. x2
HP[-4]
You take 4 damage, and now have 36/40 hp.
You shoot an arrow. The arrow barely misses the black bear.
The black bear bites you but does no damage.
The black bear claws you. The black bear completely misses you.
HP[-1]
You take 1 damage, and now have 35/40 hp.
You shoot an arrow.
The arrow hits the black bear but does no damage.
The black bear completely misses you. The black bear claws you.
The black bear claws you but does no damage.
The black bear bites you. The black bear claws you.
The black bear closely misses you.
HP[-11]
You take 11 damage, and now have 24/40 hp.
MASSIVE DAMAGE!! (PAUSE)
You are too injured to fight recklessly!
You are too injured to fight recklessly!
Shoot: a) +1 shortbow {bow}
Press: ? - help, Shift-Dir - straight line, f/p - black bear
Aim: a black bear (lightly wounded, 74% to hit)
You shoot an arrow. The arrow hits the black bear!
Shoot: a) +1 shortbow {bow}
Press: ? - help, Shift-Dir - straight line, f/p - black bear
Aim: a black bear (heavily wounded, 74% to hit)
You shoot an arrow. The arrow hits the black bear.
The black bear bites you. The black bear claws you.
* * * LOW HITPOINT WARNING * * *
The black bear completely misses you.
The black bear bites you but does no damage.
The black bear claws you.
* * * LOW HITPOINT WARNING * * *
The black bear misses you.
HP[-9]
You take 9 damage, and now have 15/40 hp.
MASSIVE DAMAGE!! (PAUSE) Shoot: a) +1 shortbow {bow}
Press: ? - help, Shift-Dir - straight line, f/p - black bear
Aim: a black bear (severely wounded, 74% to hit)
You shoot an arrow. The arrow barely misses the black bear.
The black bear misses you.
The black bear claws you but does no damage.
The black bear claws you.
* * * LOW HITPOINT WARNING * * *
HP[-1]
You take 1 damage, and now have 14/40 hp.
Shoot: a) +1 shortbow {bow}
Press: ? - help, Shift-Dir - straight line, f/p - black bear
Aim: a black bear (severely wounded, 74% to hit)
You shoot an arrow. The arrow hits the black bear!
The black bear goes berserk!
HP[+1] Shoot: a) +1 shortbow {bow}
Press: ? - help, Shift-Dir - straight line, f/p - black bear
Aim: a black bear (almost dead, berserk, 74% to hit)
You shoot an arrow.
The arrow completely misses the black bear.
The black bear misses you. The black bear claws you.
* * * LOW HITPOINT WARNING * * *
The black bear completely misses you.
HP[-6]
You take 6 damage, and now have 9/40 hp.
Shoot: a) +1 shortbow {bow}
Press: ? - help, Shift-Dir - straight line, f/p - black bear
Aim: a black bear (almost dead, berserk, 74% to hit)
You shoot an arrow.
The arrow closely misses the black bear.
The black bear bites you!
You die...
Your body crumbles into a pile of gold.

Skill      XL: |  1  2  3  4  5  6  7 |
---------------+----------------------+-----
Bows           | 5 6 7 9 10 | 10.4
Fighting       | |  2.0
Dodging        | |  2.1
Stealth        | |  1.0

Action                   |  1- 3 |  4- 6 |  7- 9 || total
-------------------------+-------+-------+-------++-------
 Fire: Shortbow          |    90 |   119 |   111 ||   320
Armor: Leather armour    |     5 |     9 |     6 ||    20
Dodge: Dodged            |    11 |    25 |    31 ||    67
       Repelled          |       |     2 |       ||     2

Levels and vault maps discovered:
D:1:      dpeg_arrival_tiny_f, layout_basic
D:2:      layout_basic, basic_altar, st_stairs_6, hangedman_glass_teeth
D:3:      layout_basic, shapermc_ecumenical_altar_mp_urbaneastern,
          nrook_loot_triangle, grunt_ministairs_2, grunt_decor_one_mirror,
          grunt_decor_arrowhead, nicolae_concentric_dashed_squares_mild,
          hangedman_decor_points, kennysheep_generic_room_15, uniq_jessica,
          uniq_natasha
D:4:      layout_loops_cross, mainiacjoe_overflow_cross_hatched, zin_statuary,
          mainiacjoe_overflow_concentric_impassable,
          nicolae_overflow_crystal_walls, minmay_temple_entry_waves,
          serial_forest, infiniplex_forest_end_double,
          infiniplex_forest_zigzag_1, infiniplex_forest_clump_large,
          infiniplex_forest_end_3, infiniplex_forest_clump_small,
          infiniplex_forest_straight_2, infiniplex_forest_lined_corner,
          infiniplex_forest_end_2, uniq_sigmund
D:5:      layout_cave_pools, lemuel_round_altar
Temple:   minmay_temple_bridge_abc

Notes
Turn   | Place    | Note
-------+----------+-------------------------------------------
     0 | D:1      | zeratav the Tengu Hunter began the quest for the Orb.
     0 | D:1      | Reached XP level 1. HP: 12/12 MP: 2/2
     0 | D:1      | magus.rc [v1.9.6]
    51 | D:1      | Reached XP level 2. HP: 17/17 MP: 3/3
   164 | D:1      | Reached skill level 5 in Bows
   183 | D:1      | HP: 3/17 [frozen (5)]
   739 | D:1      | Reached XP level 3. HP: 21/21 MP: 4/4
   975 | D:2      | Found a shimmering blue altar of Sif Muna.
  1518 | D:3      | Noticed Natasha
  1524 | D:3      | Killed Natasha
  1525 | D:3      | Reached skill level 6 in Bows
  1525 | D:3      | Reached XP level 4. HP: 26/26 MP: 5/5
  1542 | D:3      | Reached skill level 7 in Bows
  1542 | D:3      | Gained mutation: Your magical nature lets you fly swiftly
                  | and evasively. [Tengu growth]
  1542 | D:3      | Reached XP level 5. HP: 15/30 MP: 6/6
  1774 | D:3      | Noticed Natasha
  1779 | D:3      | Killed Natasha
  1853 | D:3      | Noticed Jessica
  1869 | D:3      | Killed Jessica
  1922 | D:3      | You pick up a book of Displacement and begin reading...
  1922 | D:3      | You add the spells Lesser Beckoning, Gell's Gravitas and
                  | Teleport Other to your library.
  1931 | D:3      | Identified the +2 leather armour of Cualuics {rPois rF-
                  | Int+2}
  2132 | D:3      | Found a faded altar of an unknown god.
  2159 | D:3      | Reached XP level 6. HP: 35/35 MP: 7/7
  2242 | D:3      | Reached skill level 8 in Bows
  2542 | D:3      | Noticed Natasha
  2546 | D:3      | Killed Natasha
  2603 | D:4      | You pick up a book of Flames and begin reading...
  2603 | D:4      | You add the spells Foxfire, Conjure Flame, Inner Flame and
                  | Flame Wave to your library.
  2616 | D:4      | Noticed Sigmund
  2627 | D:4      | HP: 3/35 [something (12)]
  3150 | D:4      | Killed Sigmund
  3151 | D:4      | Reached skill level 9 in Bows
  3151 | D:4      | Reached XP level 7. HP: 15/40 MP: 8/8
  3452 | D:4      | Found a staircase to the Ecumenical Temple.
  3500 | Temple   | Entered the Ecumenical Temple
  3681 | Temple   | Became a worshipper of Gozag Ym Sagoz the Greedy
  3872 | D:4      | Found a stormy altar of Qazlal.
  3957 | D:4      | Found an iron altar of Okawaru.
  4005 | D:4      | Found a glowing silver altar of Zin.
  4148 | D:4      | Found a snail-covered altar of Cheibriados.
  4504 | D:5      | Entered Level 5 of the Dungeon
  4534 | D:5      | Reached skill level 10 in Bows
  4613 | D:5      | Found a white marble altar of Elyvilon.
  4735 | D:5      | HP: 6/40 [orc priest/divine providence (16)]
  5039 | D:5      | HP: 9/40 [black bear (6)]
  5040 | D:5      | Slain by a black bear

Vanquished Creatures
  Sigmund (D:4)
  A phantom (D:5)
  A kobold brigand (D:3)
  A scorpion (D:5)
  A necrophage (D:5)
  4 orc priests
  Jessica (D:3)
  Natasha (thrice) (D:3)
  5 adders
  An ufetubus (D:5)
  6 worms
  2 dart slugs
  18 orcs
  2 ball pythons (D:1)
  5 bats
  4 endoplasms
  8 giant cockroaches
  7 goblins
  4 hobgoblins
  5 jackals
  9 kobolds
  2 quokkas (D:1)
  3 frilled lizards
  3 rats
97 creatures vanquished.

Vanquished Creatures (others)
  2 fungi (D:3)
  13 plants
15 creatures vanquished.

Grand Total: 112 creatures vanquished

Table legend:
 A = Non-vault XP
 B = Vault XP
 C = Vault XP percentage of total XP
 D = Non-vault monster count
 E = Vault monster count
 F = Vault count percentage of total count
                 A         B        C        D         E       F
            +---------+---------+-------+---------+---------+-------
      Total |     772 |     396 |  33.9 |      86 |      11 |  11.3
            +---------+---------+-------+---------+---------+-------
        D:1 |      36 |       0 |   0.0 |      19 |       0 |   0.0
        D:2 |      33 |       7 |  17.5 |      11 |       2 |  15.4
        D:3 |     236 |     166 |  41.3 |      23 |       8 |  25.8
        D:4 |     157 |     223 |  58.7 |      25 |       1 |   3.8
        D:5 |     310 |       0 |   0.0 |       8 |       0 |   0.0
            +---------+---------+-------+---------+---------+-------

Illustrated notes

Table legend:
 A = Kills in this place as a percentage of kills in entire the game.
 B = Kills by you in this place as a percentage of kills by you in the entire game.
 C = Kills by friends in this place as a percentage of kills by friends in the entire game.
 D = Other kills in this place as a percentage of other kills in the entire game.
 E = Experience gained in this place as a percentage of experience gained in the entire game.
 F = Experience gained in this place divided by the number of levels of this place that you have seen.
                   A       B       C       D       E      F
               +-------+-------+-------+-------+-------+----------------------
         Total | 100.0 | 100.0 |   N/A |   N/A | 100.0 | 194.7
       Dungeon | 100.0 | 100.0 |   N/A |   N/A | 100.0 | 233.6
               +-------+-------+-------+-------+-------+----------------------

Table legend: (Time is in decaauts)
 A = Elapsed time spent in this place.
 B = Non-inter-level travel time spent in this place.
 C = Inter-level travel time spent in this place.
 D = Time resting spent in this place.
 E = Time spent auto-exploring this place.
 F = Levels seen in this place.
 G = Mean time per level.
                   A        B        C        D        E       F      G
               +--------+--------+--------+--------+--------+-----+--------+
         Total |   4936 |   4802 |    134 |   1237 |   2898 |   6 |  822.7 |
       Dungeon |   4754 |   4666 |     88 |   1237 |   2768 |   5 |  950.8 |
        Temple |    181 |    136 |     45 |      0 |    130 |   1 |  181.0 |
               +--------+--------+--------+--------+--------+-----+--------+

Top non-repeatable levels by time:
     D:3: 1770 daAuts
     D:4: 1256 daAuts
     D:1: 880 daAuts
     D:2: 597 daAuts
     D:5: 249 daAuts
  Temple: 181 daAuts
